AoeStats
← SuDD3R

Arena

507702099Analyzed
4v4 RM · 14d ago on Sep 19, 2026· 48m 1s· 8 players
Game mode
Random Map
Map size
Large (8 player)
Population
200
Speed
Normal
Resources
Standard
Victory
Conquest
Starting age
Dark Age
Ending age
Imperial Age
RankedLock teamsTeams togetherTeam positionsShared explorationLock speedFull tech treeHidden civsTurbo modeCheats
Victory
Defeat
🇨🇳 Bohemians · China
1226
+13
🇨🇳 Franks · China
1222
+13
🇯🇵 Turks · Japan
1211
+14
🇩🇪 Spanish · Germany
1184
+15
🇨🇳 Magyars · China
1226
-16
🇭🇰 Poles · Hong Kong SAR China
1200
-15
🇨🇳 Italians · China
1184
-15
SuDD3R
10:51 Feudal Age
10:02 Loom
12:14 Double-Bit Axe
13:01 Horse Collar
18:06 Wheelbarrow
21:59 Castle Age
20:50 Gold Mining
23:25 Fletching
24:11 Bow Saw
25:31 Bodkin Arrow
29:00 Heavy Plow
31:00 Padded Archer Armor
31:49 Bloodlines
31:41 Husbandry
32:01 Leather Archer Armor
32:49 Ballistics
36:01 Imperial Age
34:45 Thumb Ring
36:39 Hand Cart
36:12 Town Watch
37:52 Chemistry
37:27 Heavy Cavalry Archer
38:55 Bracer
39:28 Stone Mining
40:30 Ring Archer Armor
40:15 Murder Holes
40:31 Fortified Wall
44:14 Two-Man Saw
RomaSaga
12:24 Feudal Age
15:57 Castle Age
13:45 Double-Bit Axe
13:51 Horse Collar
16:41 Loom
17:08 Bow Saw
16:59 Heavy Plow
20:10 Gold Mining
22:00 Fervor
23:49 Town Watch
28:44 Imperial Age
26:46 Forging
26:53 Scale Barding Armor
28:14 Iron Casting
28:08 Bloodlines
28:49 Wheelbarrow
28:40 Chain Barding Armor
28:36 Husbandry
28:50 Heavy Camel Rider
30:32 Blast Furnace
29:50 Stone Mining
30:35 Gold Shaft Mining
30:27 Padded Archer Armor
30:56 Hand Cart
31:59 Plate Barding Armor
32:17 Fortified Wall
32:11 Town Patrol
32:13 Fletching
34:31 Leather Archer Armor
34:42 Bodkin Arrow
36:37 Ring Archer Armor
36:08 Bracer
36:30 Bombard Tower
36:31 Ballistics
36:18 Cavalier
38:18 Treadmill Crane
38:34 Murder Holes
38:49 Masonry
39:17 Caravan
39:48 Coinage
39:29 Guilds
39:31 Clinker Construction
43:04 Architecture
42:13 Capped Ram
45:28 Two-Man Saw
46:42 Artillery
47:02 Conscription
47:37 Siege Ram
HY
10:30 Feudal Age
11:46 Loom
14:31 Castle Age
13:14 Horse Collar
13:26 Double-Bit Axe
13:37 Horse Collar
18:17 Sanctity
18:10 Fervor
21:21 Sanctity
21:59 Wheelbarrow
21:51 Bow Saw
25:47 Hand Cart
28:45 Imperial Age
26:59 Ballistics
27:42 Chemistry
27:09 Heavy Plow
26:45 Pikeman
27:26 Squires
27:32 Scale Mail Armor
28:45 Chain Mail Armor
28:41 Forging
29:16 Redemption
30:12 Wagenburg Tactics
31:16 Two-Man Saw
30:05 Town Watch
30:56 Block Printing
31:44 Halberdier
33:06 Conscription
33:33 Houfnice
35:26 Iron Casting
35:22 Plate Mail Armor
35:24 Hussite Reforms
36:09 Siege Engineers
38:04 Blast Furnace
38:35 Illumination
38:31 Heresy
38:52 Theocracy
38:52 Arson
41:17 Bombard Tower
41:47 Masonry
41:33 Murder Holes
41:19 Treadmill Crane
44:06 Architecture
46:10 Herbal Medicine
relax
10:55 Feudal Age
9:48 Loom
16:00 Castle Age
13:59 Double-Bit Axe
14:30 Gold Mining
21:29 Wheelbarrow
23:26 Scale Barding Armor
25:31 Bow Saw
26:10 Chain Barding Armor
27:08 Gold Shaft Mining
26:50 Husbandry
27:35 Hand Cart
31:57 Imperial Age
29:41 Forging
31:05 Iron Casting
31:23 Town Watch
32:05 Cavalier
33:23 Plate Barding Armor
33:59 Blast Furnace
34:23 Paladin
37:38 Stone Mining
39:01 Caravan
48:48 Conscription
48:23 Fletching
_TY_Power
10:01 Feudal Age
13:48 Castle Age
12:11 Double-Bit Axe
13:18 Horse Collar
15:05 Coinage
15:04 Bow Saw
20:53 Heavy Plow
23:54 Wheelbarrow
23:54 Gold Mining
25:56 Loom
29:55 Stone Mining
32:45 Scale Barding Armor
32:51 Forging
33:19 Hand Cart
36:04 Imperial Age
34:26 Stone Shaft Mining
34:38 Chain Barding Armor
34:54 Iron Casting
35:38 Szlachta Privileges
36:14 Bloodlines
36:05 Husbandry
36:41 Iron Casting
35:52 Light Cavalry
36:50 Winged Hussar
38:38 Blast Furnace
38:07 Town Watch
39:23 Conscription
40:34 Lechitic Legacy
42:49 Fletching
42:59 Padded Archer Armor
43:35 Masonry
44:56 Bodkin Arrow
45:10 Cavalier
我想给自己改个简单又不重复的名字
6:24 Loom
8:29 Feudal Age
10:07 Fletching
17:44 Wheelbarrow
18:48 Town Watch
21:33 Castle Age
20:15 Gold Mining
23:11 Gold Shaft Mining
22:49 Stone Mining
23:57 Bodkin Arrow
27:54 Imperial Age
26:07 Horse Collar
28:19 Forging
28:24 Scale Barding Armor
29:32 Elite Arambai
30:33 Conscription
30:41 Padded Archer Armor
31:48 Husbandry
31:09 Light Cavalry
34:20 Elite Battle Elephant
35:11 Bloodlines
36:39 Hand Cart
37:02 Chain Barding Armor
38:19 Scale Mail Armor
38:55 Iron Casting
37:55 Pikeman
38:36 Squires
38:28 Arson
39:33 Chain Mail Armor
40:46 Halberdier
42:49 Plate Mail Armor
44:58 Blast Furnace
44:35 Ballistics
46:04 Chemistry
白木
10:51 Feudal Age
15:03 Castle Age
12:50 Double-Bit Axe
13:28 Horse Collar
15:44 Light Cavalry
22:33 Wheelbarrow
23:09 Heavy Plow
24:03 Loom
28:41 Imperial Age
26:44 Stone Mining
27:02 Husbandry
27:12 Bloodlines
27:56 Scale Barding Armor
28:03 Gold Mining
29:02 Cavalier
30:03 Chain Barding Armor
30:10 Fervor
30:19 Hand Cart
31:05 Fletching
30:54 Hussar
33:52 Chemistry
33:36 Parthian Tactics
33:12 Bodkin Arrow
34:27 Ballistics
34:31 Bracer
34:37 Corvinian Army
34:58 Conscription
35:59 Padded Archer Armor
36:51 Thumb Ring
39:39 Bow Saw
41:20 Elite Magyar Huszar
41:24 Heavy Cavalry Archer
42:31 Elite Magyar Huszar
43:13 Recurve Bow
44:46 Leather Archer Armor
46:31 Capped Ram
darker
10:56 Feudal Age
14:42 Castle Age
13:50 Stone Mining
14:12 Double-Bit Axe
17:57 Horse Collar
22:41 Bow Saw
23:18 Heavy Plow
24:58 Wheelbarrow
24:38 Gold Mining
28:03 Hand Cart
31:47 Imperial Age
29:36 Forging
29:29 Scale Mail Armor
30:53 Squires
30:39 Arson
30:55 Murder Holes
31:38 Chain Mail Armor
31:59 Iron Casting
31:38 Treadmill Crane
32:19 Ballistics
33:12 Plate Mail Armor
33:46 Chemistry
33:20 Conscription
34:31 Fletching
34:42 Padded Archer Armor
34:58 Guilds
36:35 Thumb Ring
42:30 Crop Rotation
Connection lost

Rejoining the realm…

Still unreachable

The connection could not be restored.

Session expired

The server has moved on; the page needs a fresh start.